 Dungeon Crawl Stone Soup version 0.30.0-10-gfe55d96785 (webtiles) character file.

Game seed: 4080456419716852046

79 Monkooky the Sneak (level 4, 0/35 HPs)
             Began as a Merfolk Brigand on May 15, 2023.
             Killed from afar by Sigmund (5 damage)
             ... with a magic dart
             ... on level 2 of the Dungeon.
             The game lasted 00:02:48 (1554 turns).

Monkooky the Sneak (Merfolk Brigand)                Turns: 1554, Time: 00:02:49

Health: 0/35       AC:  3    Str: 11    XL:     4   Next: 38%
Magic:  4/4        EV: 12    Int: 10    God:
Gold:   67         SH:  0    Dex: 17    Spells: 3/3 levels left

rFire   . . .        l - +3 short sword
rCold   . . .        (no shield)
rNeg    . . .        b - +0 robe
rPois   .            (no helmet)
rElec   .            c - +0 cloak
rCorr   .            (no gloves)
SInv    .            (no boots)
Will    .....        (no amulet)
Stlth   +++          (no ring)
HPRegen 0.25/turn    (no ring)
MPRegen 0.09/turn

%: no passive effects
@: about to teleport
A: (nimble swimmer 2), mertail
a: no special abilities


You were on level 2 of the Dungeon.
You visited 1 branch of the dungeon, and saw 2 of its levels.

You collected 67 gold pieces.

Inventory:

Hand Weapons
 a - a +2 dagger
 l - a +3 short sword (weapon)
 o - a +0 long sword
Missiles
 d - 12 poisoned darts (quivered)
 e - a curare-tipped dart
Armour
 b - a +0 robe (worn)
 c - a +0 cloak (worn)
Scrolls
 f - 3 scrolls of teleportation
 h - 2 scrolls of blinking {unknown}
 i - 3 scrolls of identify {unknown}
 k - a scroll of immolation {unknown}
 q - a scroll of fog {unknown}
Potions
 g - a potion of invisibility
 j - 3 potions of curing
 m - a potion of cancellation {unknown}
 n - a potion of degeneration {unknown}
 p - a potion of lignification {unknown}


   Skills:
 - Level 3.2 Fighting
 - Level 2.4(3.5) Short Blades
 + Level 3.8(4.2) Long Blades
 - Level 2.0 Throwing
 - Level 1.3 Dodging
 - Level 4.3 Stealth


You had 3 spell levels left.
You didn't know any spells.
Your spell library contained the following spells:

 Spells                   Type           Power      Damage    Failure   Level
 Shock                    Conj/Air       0%         1d3       36%         1
 Gell's Gravitas          Tloc           0%         N/A       75%         3
 Swiftness                Air            0%         N/A       75%         3
 Teleport Other           Tloc           0%         N/A       75%         3
 Airstrike                Air            0%         2d(0-16)  98%         4
 Dispersal                Tloc           0%         N/A       100%        6


Dungeon Overview and Level Annotations

Branches:
Dungeon (2/15)

Altars:

Annotations:
D:2 Sigmund


Innate Abilities, Weirdness & Mutations

((You are very nimble when in or above water. (Stealth+, EV+, Speed+++)))
Your lower body shifts to a powerful aquatic tail in water.


Message History

Sigmund is severely wounded.
Sigmund points at you and mumbles some strange words.
You are confused.
You bump into the rock wall.
Sigmund hits you with a +0 scythe! Sigmund misses you.
You bump into the rock wall.
You feel less confused.
Sigmund drinks a potion.
Sigmund is healed!
Sigmund looks more healthy.
You hit Sigmund.
Sigmund is heavily wounded.
Sigmund hits you with a +0 scythe!
You hit Sigmund.
Sigmund is severely wounded.
Sigmund is no longer moving slowly.
You closely miss Sigmund.
Sigmund is severely wounded.
Sigmund casts a spell.
Sigmund flickers and vanishes!
Deactivating autopickup; reactivate with Ctrl-A.
Throw: 2 darts (curare)
Press: ? - help, Shift-Dir - straight line, f - kobold
Aim: a kobold, wielding a +0 club (55% to hit)
You throw a curare-tipped dart. The curare-tipped dart hits the kobold.
The kobold is poisoned.
The kobold convulses.
You kill the kobold!
Something hits you.
Throw: 13 darts (poison)
Press: ? - help, Q - select action, (/) - cycle Shift-Dir - straight line You throw a poisoned dart.
Unknown command.
Something hits you.
A puff of flame appears from out of thin air!
The puff of flame hits you!
* * * LOW HITPOINT WARNING * * *
As you read the scroll labelled RUTHYECAUJ, it crumbles to dust.
You feel strangely unstable.
It was a scroll of teleportation.
A magic dart appears from out of thin air!
The magic dart hits you.
You die...

#†# #(# #.#
#.### #.#
#...# ##.##
###.#
##...######
#.#
...#......#
#{#
##...####.#
#.# ##.##
#.# #.# #.#
#.# #@# #<#
#.# #.#
###.#
#.######.#
....#
#........#
#####
##########
######


There were no monsters in sight!

Vanquished Creatures
  Terence (D:2)
  2 adders (D:2)
  2 endoplasms (D:2)
  2 giant cockroaches (D:2)
  4 goblins
  5 hobgoblins
  2 jackals (D:1)
  5 kobolds
  3 ball pythons (D:1)
  3 bats (D:1)
  3 frilled lizards
  4 rats (D:1)
36 creatures vanquished.

Notes
Turn   | Place    | Note
-------+----------+-------------------------------------------
     0 | D:1      | Monkooky the Merfolk Brigand began the quest for the Orb.
     0 | D:1      | Reached XP level 1. HP: 16/16 MP: 1/1
   324 | D:1      | Reached XP level 2. HP: 21/24 MP: 2/2
   687 | D:1      | Reached skill level 1 in Long Blades
   866 | D:1      | Reached XP level 3. HP: 28/29 MP: 3/3
  1102 | D:2      | Noticed Terence
  1153 | D:2      | Killed Terence
  1347 | D:2      | Reached XP level 4. HP: 34/35 MP: 4/4
  1507 | D:2      | Noticed Sigmund
  1554 | D:2      | Killed from afar by Sigmund

Illustrated notes

Levels and vault maps discovered:
D:1:      minmay_arrival_semitransparent, layout_basic,
          minmay_misc_feat_ornament
D:2:      cheibrodos_old_hovel, layout_loops_ring, serial_bayou,
          serial_bayou_pond_c, serial_bayou_pond_d, serial_bayou_pond_d,
          serial_bayou_pond_d, serial_bayou_pond_b, serial_bayou_shore_b,
          uniq_robin, uniq_sigmund, uniq_terence

Skill      XL: |  1  2  3 |
---------------+----------+-----
Fighting       | 3 |  3.2
Long Blades    | 1 3 |  3.8
Short Blades   | |  2.4
Throwing       | |  2.0
Dodging        | |  1.3
Stealth        | |  4.3

Action                     |  1- 3 |  4- 6 || total
---------------------------+-------+-------++-------
  Melee: Dagger            |    24 |       ||    24
         Short sword       |    90 |    16 ||   106
         Tailslap          |     6 |     1 ||     7
         Punch             |     1 |       ||     1
  Throw: Dart              |     1 |     3 ||     4
    Use: Scroll            |       |     1 ||     1
   Stab: Sleeping          |     7 |     1 ||     8
 Armour: Robe              |    35 |     1 ||    36
  Dodge: Dodged            |    42 |     6 ||    48
